 Dungeon Crawl Stone Soup version 0.31-a0-75-g6fe912e8c5 (webtiles) character file.

Game seed: 8491228888595323388

486 lunkers the Slasher (level 7, 0/58 HPs)
             Began as a Meteoran Wanderer on May 23, 2023.
             Slain by a gnoll sergeant
             ... wielding a +1 trident of freezing
              (3 damage)
             ... on level 4 of the Dungeon.
             The game lasted 00:11:12 (1572 turns).

lunkers the Slasher (Meteoran Wanderer)             Turns: 1572, Time: 00:11:13

Health: 0/58       AC:  5    Str: 21    XL:     7   Next: 62%
Magic:  10/10      EV: 11    Int: 12    God:
Gold:   133        SH:  0    Dex: 12    Spells: 8/8 levels left

rFire   . . .        a - +8 long sword of Arrival {venom, Str+2}
rCold   + . .        (no shield)
rNeg    . . .        e - +2 leather armour {rC+}
rPois   +            (no helmet)
rElec   .            (no cloak)
rCorr   .            (no gloves)
SInv    .            (no boots)
Will    .....        (no amulet)
Stlth   +            h - ring of poison resistance
HPRegen 0.29/turn    (no ring)
MPRegen 0.12/turn

%: no passive effects
@: glowing
A: sense surroundings 1, otherworldly, glowing, explore regen
a: no special abilities


You were on level 4 of the Dungeon.
You visited 1 branch of the dungeon, and saw 5 of its levels.
You also visited: Ossuary.

You collected 133 gold pieces.

Inventory:

Hand Weapons
 a - the +8 long sword of Arrival (weapon) {venom, Str+2}
   (You found it on level 4 of the Dungeon)

   Str:       It affects your strength (+2).
 j - a +0 club
Armour
 b - a +0 ring mail
 e - a +2 leather armour of cold resistance (worn)
Jewellery
 h - a ring of poison resistance (left hand)
Wands
 d - a wand of charming (15)
Scrolls
 i - 2 scrolls of teleportation
 k - 2 scrolls of blinking
 n - a scroll of fear
 s - 2 scrolls of enchant armour
Potions
 c - 2 potions of attraction
 f - 3 potions of heal wounds
 l - a potion of mutation
 m - a potion of invisibility
 o - a potion of cancellation
 r - a potion of haste
 t - a potion of resistance
 u - a potion of curing {unknown}


   Skills:
 - Level 3.9 Fighting
 + Level 7.2 Long Blades
 - Level 2.4 Armour
 - Level 1.2 Dodging
 - Level 1.3 Spellcasting
 - Level 2.1 Ice Magic
 - Level 4.8 Evocations


You had 8 spell levels left.
You didn't know any spells.
Your spell library contained the following spells:

 Spells                   Type           Power      Damage    Failure   Level
 Freeze                   Ice            24%        1d4       14%         1
 Hailstorm                Conj/Ice       3%         3d3       56%         3
 Dazzling Flash           Conj/Hex       0%         N/A       73%         3
 Volatile Blastmotes      Fire/Tloc      0%         2d10      73%         3
 Iskenderun's Mystic Bla  Conj/Tloc      0%         2d3       98%         4
 Starburst                Conj/Fire      0%         6d3       100%        6


Dungeon Overview and Level Annotations

Branches:
Dungeon (5/15) Zot: 1606  Ossuary (visited)
 Temple: D:4-7

Altars:


Innate Abilities, Weirdness & Mutations

You passively map a small area around you.
You are easily found by Zot.
You glow in the dark.
You regain HP and MP as you explore.


Message History

You closely miss the shadow imp.
The gnoll sergeant shouts!
You hear a shout!
A gnoll comes into view. It is wielding a +0 spear.
The gnoll sergeant barely misses you. The shadow imp completely misses you.
You hear an angry hiss.
You closely miss the shadow imp.
The gnoll sergeant hits you from afar with a +1 trident of freezing!
The gnoll sergeant freezes you.
The shadow imp hits you but does no damage.
A gnoll comes into view. It is wielding a +0 whip.
The gnoll sergeant hits you with a +1 trident of freezing.
The gnoll attacks as you move away! The gnoll hits you with a +0 whip.
* * * LOW HITPOINT WARNING * * *
The gnoll sergeant closely misses you.
There is a stone staircase leading up here.
The gnoll hits you with a +0 whip.
* * * LOW HITPOINT WARNING * * *
The gnoll sergeant closely misses you.
The shadow imp shouts, "Take thy face hence, thou twisted flap-mouthed harpy!"
You climb upwards.
There is a stone staircase leading down here.
Unknown command.
Unknown command.
Unknown command.
You hit the gnoll sergeant.
The gnoll sergeant is poisoned.
The gnoll sergeant is lightly wounded.
The gnoll hits you with a +0 whip.
* * * LOW HITPOINT WARNING * * *
The gnoll sergeant hits you with a +1 trident of freezing!
* * * LOW HITPOINT WARNING * * *
The gnoll sergeant freezes you.
* * * LOW HITPOINT WARNING * * *
You slash the gnoll sergeant!
The gnoll sergeant is moderately wounded.
The gnoll hits you with a +0 whip.
* * * LOW HITPOINT WARNING * * *
The gnoll sergeant hits you with a +1 trident of freezing!
* * * LOW HITPOINT WARNING * * *
The gnoll sergeant freezes you.
You die...

# # #.., # ####.. #....#
#....# #....# ## *
#####....## .# ............#
.+, ...........@# .#
#.........gg# .#
,,#...........#
.#####...........#
.##..#...........#
.....+...........#
####.............############
#####+....##'##.............#
.#...#....#...#.............#


You could see a gnoll sergeant (very poisoned) and a gnoll.

Vanquished Creatures
  Sigmund (D:4)
  A bullfrog (D:4)
  A human zombie (Ossuary)
  2 jellies (D:4)
  An iguana (D:4)
  3 mummies (Ossuary)
  A gnoll (D:5)
  4 adders
  A worm (D:3)
  3 orcs (D:4)
  8 endoplasms
  3 giant cockroaches
  A gnoll zombie (Ossuary)
  5 goblins
  4 jackals (D:3)
  4 kobolds
  3 quokkas
  5 ball pythons
  A frilled lizard (D:2)
  A kobold zombie (Ossuary)
  5 orc zombies (Ossuary)
  A rat (D:2)
59 creatures vanquished.

Notes
Turn   | Place    | Note
-------+----------+-------------------------------------------
     0 | D:1      | lunkers the Meteoran Wanderer began the quest for the Orb.
     0 | D:1      | lunkers set off with the following items: a +0 club, a +0
                  | ring mail, a potion of attraction, a wand of charming (15);
                  | and the following spell memorised: Freeze; and the
                  | following spells available to memorise: Hailstorm.
     0 | D:1      | Reached XP level 1. HP: 14/14 MP: 3/3
    28 | D:1      | Reached skill level 1 in Fighting
    34 | D:1      | Reached XP level 2. HP: 3/23 MP: 0/5
   110 | D:1      | Found a faded altar of an unknown god.
   418 | D:2      | Reached XP level 3. HP: 5/30 MP: 2/6
   548 | D:3      | Reached XP level 4. HP: 26/38 MP: 3/7
   914 | D:4      | Identified the +8 long sword of Arrival {venom, Str+2}
   932 | D:4      | Reached skill level 2 in Long Blades
   932 | D:4      | Reached XP level 5. HP: 28/46 MP: 8/8
   964 | D:4      | Found a sand-covered staircase.
   972 | Ossuary  | Entered an ossuary
  1042 | Ossuary  | Reached skill level 3 in Long Blades
  1094 | Ossuary  | Reached XP level 6. HP: 19/52 MP: 9/9
  1270 | D:4      | Reached skill level 4 in Long Blades
  1374 | D:4      | Noticed Sigmund
  1381 | D:4      | Reached skill level 5 in Long Blades
  1385 | D:4      | HP: 1/52 [Sigmund/puff of flame (6)]
  1388 | D:4      | Killed Sigmund
  1389 | D:4      | Reached skill level 6 in Long Blades
  1389 | D:4      | Reached XP level 7. HP: 26/58 MP: 10/10
  1390 | D:4      | Reached skill level 7 in Long Blades
  1557 | D:5      | Entered Level 5 of the Dungeon
  1572 | D:4      | Slain by a gnoll sergeant

Illustrated notes

Levels and vault maps discovered:
D:1:      sevenhm_arrival_forest_fort_small_5, layout_basic,
          basic_ecumenical_altar, kennysheep_flooded_box
D:2:      layout_basic, hangedman_decor_push, nicolae_shop_vocational
D:3:      layout_loops_ring, amethyst_killhole, uniq_crazy_yiuf_cottage
D:4:      layout_gridville, nicolae_ossuary_entry_false_entrances, uniq_sigmund
D:5:      layout_loops_ring

Skill      XL: |  1  2  3  4  5  6  7 |
---------------+----------------------+-----
Fighting       | 1 2 3 |  3.9
Long Blades    | 2 3 6 7 |  7.2
Armour         | |  2.4
Dodging        | |  1.2
Spellcasting   | |  1.3
Ice Magic      | |  2.1
Evocations     | |  4.8

Action                     |  1- 3 |  4- 6 |  7- 9 || total
---------------------------+-------+-------+-------++-------
  Melee: Club              |    49 |    54 |       ||   103
         Punch             |     1 |     1 |       ||     2
         Long sword        |       |    69 |    11 ||    80
   Cast: Freeze            |    16 |     9 |       ||    25
    Use: Scroll            |       |    11 |     1 ||    12
         Potion            |       |     2 |       ||     2
 Armour: Ring mail         |     4 |       |       ||     4
         Leather armour    |    26 |    36 |     3 ||    65
  Dodge: Dodged            |    37 |    79 |     6 ||   122

Table legend: (Time is in decaauts)
 A = Elapsed time spent in this place.
 B = Non-inter-level travel time spent in this place.
 C = Inter-level travel time spent in this place.
 D = Time resting spent in this place.
 E = Time spent auto-exploring this place.
 F = Levels seen in this place.
 G = Mean time per level.
                   A        B        C        D        E       F      G
               +--------+--------+--------+--------+--------+-----+--------+
         Total |   1622 |   1534 |     88 |      0 |    879 |   6 |  270.3 |
       Dungeon |   1392 |   1304 |     88 |      0 |    817 |   5 |  278.4 |
       Ossuary |    230 |    230 |      0 |      0 |     62 |   1 |  230.0 |
               +--------+--------+--------+--------+--------+-----+--------+

Top non-repeatable levels by time:
     D:4: 448 daAuts
     D:1: 380 daAuts
     D:3: 367 daAuts
 Ossuary: 230 daAuts
     D:2: 182 daAuts
     D:5: 13 daAuts
